 Dungeon Crawl Stone Soup version 0.27-a0-1434-g6f15984924 (webtiles) character file.

Game seed: 16112753178460734505

32 Brandom the Skirmisher (level 3, -1/37 HPs)
             Began as a Troll Delver on July 3, 2021.
             Shot with an arrow by a centaur (7 damage)
             ... on level 5 of the Dungeon.
             The game lasted 00:01:21 (113 turns).

Brandom the Skirmisher (Troll Delver)                Turns: 113, Time: 00:01:22

Health: -1/37      AC:  4    Str: 20    XL:     3   Next: 8%
Magic:  2/2        EV: 10    Int:  6    God:
Gold:   0          SH:  0    Dex: 12    Spells: 2/2 levels left

rFire    . . .     SeeInvis .     - Unarmed
rCold    . . .     Faith    .   (no shield)
rNeg     . . .     Spirit   .   a - +0 robe
rPois    .         Reflect  .   (helmet restricted)
rElec    .         Harm     .   (no cloak)
rCorr    .         Rampage  .   (gloves unavailable)
Will     .....                  (boots unavailable)
Stlth    ++........             (no amulet)
HPRegen  1.12/turn              (no ring)
MPRegen  0.08/turn              (no ring)

@: hasted, very quick
A: large, unfitting armour, claws 3, regeneration 1, shaggy fur 1, tough skin 1
a: no special abilities


You were on level 5 of the Dungeon.
You visited 1 branch of the dungeon, and saw 1 of its levels.

Inventory:

Armour
 a - a +0 robe (worn)
Wands
 v - a wand of digging (3)
Scrolls
 b - a scroll of fog
 c - a scroll of magic mapping
 d - a scroll of fear


   Skills:
 * Level 3.0 Fighting
 + Level 2.0 Dodging
 - Level 2.7 Stealth
 + Level 2.4 Unarmed Combat


You had 2 spell levels left.
You didn't know any spells.
Your spell library was empty.

Dungeon Overview and Level Annotations

Branches:
Dungeon (5/15)
 Temple: D:4-7

Altars:

Annotations:
D:5 Edmund


Innate Abilities, Weirdness & Mutations

You are too large for most types of armour.
You have claws for hands.
Your natural rate of healing is unusually fast.
You are covered in fur. (AC +1)
You have tough skin. (AC +1)


Message History

You barely miss the water moccasin zombie.
The water moccasin zombie bites you.
* * * LOW HITPOINT WARNING * * *
You scratch the water moccasin zombie. The water moccasin zombie bites you.
* * * LOW HITPOINT WARNING * * *
You scratch the water moccasin zombie.
The water moccasin zombie closely misses you.
You closely miss the water moccasin zombie.
You claw the water moccasin zombie, but do no damage.
The water moccasin zombie bites you.
* * * LOW HITPOINT WARNING * * *
You closely miss the water moccasin zombie.
The water moccasin zombie closely misses you.
You closely miss the water moccasin zombie.
The water moccasin zombie barely misses you.
You barely miss the water moccasin zombie.
The water moccasin zombie bites you.
* * * LOW HITPOINT WARNING * * *
The water moccasin zombie barely misses you.
You scratch the water moccasin zombie.
The water moccasin zombie barely misses you.
You barely miss the water moccasin zombie.
The water moccasin zombie bites you but does no damage.
You barely miss the water moccasin zombie.
The water moccasin zombie barely misses you.
You scratch the water moccasin zombie.
The water moccasin zombie closely misses you.
You scratch the water moccasin zombie.
The water moccasin zombie bites you but does no damage.
You barely miss the water moccasin zombie.
The water moccasin zombie barely misses you.
You closely miss the water moccasin zombie.
The water moccasin zombie barely misses you.
The water moccasin zombie bites you.
* * * LOW HITPOINT WARNING * * *
You closely miss the water moccasin zombie.
The water moccasin zombie barely misses you.
You closely miss the water moccasin zombie.
The water moccasin zombie closely misses you.
The centaur wields a +0 shortbow.
The centaur shoots an arrow.
The arrow hits you.
* * * LOW HITPOINT WARNING * * *
The centaur shoots an arrow.
The arrow hits you!
* * * LOW HITPOINT WARNING * * *
Okay, then.
You feel yourself speed up.
The centaur shoots an arrow.
The arrow hits you.
* * * LOW HITPOINT WARNING * * *
The centaur shoots an arrow.
The arrow hits you but does no damage.
The centaur shoots an arrow.
The arrow hits you!
You die...

...#.######
..........#
..........#
...:......#.####
..........#....#
..........# #@#
#.......# #.#
#.......# #.#
#.......####c#
#........Zc.Z.#
...#........#######
.#.#..............#
.......##########.#
....#..# #....#


You could see a centaur and a water moccasin zombie.

Vanquished Creatures
  A bullfrog zombie (D:5)
1 creature vanquished.

Vanquished Creatures (others)
  A bush (D:5)
1 creature vanquished.

Grand Total: 2 creatures vanquished

Notes
Turn   | Place    | Note
-------+----------+-------------------------------------------
     0 | D:5      | Brandom the Troll Delver began the quest for the Orb.
     0 | D:5      | Reached XP level 1. HP: 22/22 MP: 0/0
     7 | D:5      | Noticed Edmund
    17 | D:5      | Noticed a centaur
    75 | D:5      | Reached skill level 3 in Fighting
    75 | D:5      | Reached XP level 2. HP: 12/31 MP: 1/1
    75 | D:5      | Reached XP level 3. HP: 15/37 MP: 2/2
   113 | D:5      | Shot with an arrow by a centaur

Illustrated notes

Levels and vault maps discovered:
D:5:      layout_basic, grunt_decor_resistance, kb_lookout_dungeons_type,
          uniq_edmund

Skill      XL: |  1 |
---------------+----+-----
Fighting       | 3 |  3.0
Dodging        | 2 |  2.0
Stealth        | |  2.7
Unarmed Combat | |  2.4

Action                   || total
-------------------------++-------
Melee: Unarmed           ||    29
       Punch             ||     1
  Use: Potion            ||     1
Armor: Robe              ||     3
Dodge: Dodged            ||    20

Table legend: (Time is in decaauts)
 A = Elapsed time spent in this place.
 B = Non-inter-level travel time spent in this place.
 C = Inter-level travel time spent in this place.
 D = Time resting spent in this place.
 E = Time spent auto-exploring this place.
 F = Levels seen in this place.
 G = Mean time per level.
                   A        B        C        D        E       F      G
               +--------+--------+--------+--------+--------+-----+--------+
         Total |    111 |    111 |      0 |      5 |      7 |   1 |  111.0 |
       Dungeon |    111 |    111 |      0 |      5 |      7 |   1 |  111.0 |
               +--------+--------+--------+--------+--------+-----+--------+

Top non-repeatable levels by time:
     D:5: 111 daAuts
